IL
OMAHA STORM CHASERS @ CHARLOTTE KNIGHTS
06/13/2048
 
TOP OF THE 1ST
Omaha Storm Chasers batting - Pitching for Charlotte Knights : RHP Steve Friesner
Pitching: RHP Steve Friesner
Batting: LHB Jim Pankratz 0-0: Ball
1-0: SINGLE (Groundball, 34S, EV 61.9 MPH) (infield hit)
Batting: RHB Walt Cogswell 0-0: Ball
1-0: Foul Ball, location: 2F
1-1: Ball
2-1: Ball
3-1: Base on Balls
Jim Pankratz to second
Batting: LHB Shigeru Ono 0-0: Foul Ball, location: 2F
0-1: Ball
1-1: Foul Ball, location: 2F
1-2: Grounds into double play, 6-4-3 (Groundball, 6, EV 80.6 MPH)
Jim Pankratz to third
Batting: RHB Ken Postlethwaite 0-0: Ball
1-0: Swinging Strike
1-1: Swinging Strike
1-2: Strikes out swinging
Top of the 1st over - 0 runs, 1 hit, 0 errors, 1 left on base; Omaha 0 - Charlotte 0
BOTTOM OF THE 1ST
Charlotte Knights batting - Pitching for Omaha Storm Chasers : RHP Joe Noonan
Pitching: RHP Joe Noonan
Batting: LHB John Thurman 0-0: Ball
1-0: Ground out 4-3 (Groundball, 4, EV 81.9 MPH)
Batting: LHB Carlos Ramirez 0-0: Ball
1-0: Called Strike
1-1: Called Strike
1-2: Foul Ball, location: 2F
1-2: Ball
2-2: Ball
3-2: Fly out, F8 (Line Drive, 8LD, EV 103.8 MPH)
Batting: LHB Joe Kirkland 0-0: Called Strike
0-1: Swinging Strike
0-2: Foul Ball, location: 2F
0-2: Strikes out swinging, 2-3 out at first.
Bottom of the 1st over - 0 runs, 0 hits, 0 errors, 0 left on base; Omaha 0 - Charlotte 0
TOP OF THE 2ND
Omaha Storm Chasers batting - Pitching for Charlotte Knights : RHP Steve Friesner
Batting: SHB Francisco Gutierrez 0-0: Called Strike
0-1: Called Strike
0-2: Ball
1-2: Foul Ball, location: 2F
1-2: Ball
2-2: Strikes out looking
Batting: LHB Danny Bailey 0-0: Called Strike
0-1: Ground out 1-3 (Groundball, 13S, EV 62.5 MPH)
Batting: LHB Willie Gutierrez 0-0: Ball
1-0: Ball
2-0: Ground out 6-3 (Groundball, P, EV 85.0 MPH)
Top of the 2nd over - 0 runs, 0 hits, 0 errors, 0 left on base; Omaha 0 - Charlotte 0
BOTTOM OF THE 2ND
Charlotte Knights batting - Pitching for Omaha Storm Chasers : RHP Joe Noonan
Batting: RHB Fletcher Easter 0-0: Ball
1-0: Ball
2-0: Ball
3-0: Called Strike
3-1: Swinging Strike
3-2: Strikes out looking
Batting: SHB Matt Childers 0-0: Ball
1-0: Ball
2-0: Called Strike
2-1: Ball
3-1: Ground out 6-3 (Groundball, 56D, EV 83.8 MPH)
Batting: LHB Ricardo Pagan 0-0: Ball
1-0: Foul Ball, location: 2F
1-1: Ground out 5-3 (Groundball, 5, EV 86.2 MPH)
Bottom of the 2nd over - 0 runs, 0 hits, 0 errors, 0 left on base; Omaha 0 - Charlotte 0
TOP OF THE 3RD
Omaha Storm Chasers batting - Pitching for Charlotte Knights : RHP Steve Friesner
Batting: SHB Arturo Baez 0-0: Ground out 3-1 (Groundball, 34, EV 85.6 MPH)
Batting: RHB Jason Birge 0-0: Ball
1-0: Ground out 3-1 (Groundball, 34S, EV 82.5 MPH)
Batting: LHB Jim Pankratz 0-0: Foul Ball, location: 2F
0-1: Fly out, F6 (Line Drive, 56D, EV 70.6 MPH)
Top of the 3rd over - 0 runs, 0 hits, 0 errors, 0 left on base; Omaha 0 - Charlotte 0
BOTTOM OF THE 3RD
Charlotte Knights batting - Pitching for Omaha Storm Chasers : RHP Joe Noonan
Batting: LHB Adam Tarbutton 0-0: Ground out 6-3 (Groundball, 6, EV 89.4 MPH)
Batting: RHB Jeremy Hoffert 0-0: Ball
1-0: Foul Ball, location: 2F
1-1: TRIPLE (Groundball, 3L, EV 106.2 MPH)
Batting: RHB Steve Waltenbery 0-0: Called Strike
0-1: Foul Ball, location: 2F
0-2: Ball
1-2: Ball
2-2: Ball
3-2: Foul Ball, location: 2F
3-2: SINGLE (Line Drive, 9S, EV 94.4 MPH)
Jeremy Hoffert scores
Batting: LHB John Thurman 0-0: Ball
1-0: 2-RUN HOME RUN (Flyball, 7D, EV 96.2 MPH), Distance : 372 ft
Batting: LHB Carlos Ramirez 0-0: Ball
1-0: Foul Ball, location: 2F
1-1: Called Strike
1-2: Fly out, F8 (Line Drive, 8LD, EV 91.2 MPH)
Batting: LHB Joe Kirkland 0-0: Ball
1-0: Swinging Strike
1-1: Ball
2-1: Foul Ball, location: 2F
2-2: Ball
3-2: Foul Ball, location: 2F
3-2: Strikes out looking
Bottom of the 3rd over - 3 runs, 3 hits, 0 errors, 0 left on base; Omaha 0 - Charlotte 3
TOP OF THE 4TH
Omaha Storm Chasers batting - Pitching for Charlotte Knights : RHP Steve Friesner
Batting: RHB Walt Cogswell 0-0: SINGLE (Groundball, 34D, EV 107.5 MPH)
Batting: LHB Shigeru Ono 0-0: Ball
1-0: Ball
2-0: Called Strike
2-1: Swinging Strike
2-2: Strikes out swinging
Batting: RHB Ken Postlethwaite 0-0: Ball
1-0: Foul Ball, location: 2F
1-1: Ball
2-1: Foul Ball, location: 2F
2-2: Ball
3-2: Foul Ball, location: 2F
3-2: Base on Balls
Walt Cogswell to second
Batting: SHB Francisco Gutierrez 0-0: Called Strike
0-1: DOUBLE (Groundball, 3L, EV 96.2 MPH)
Walt Cogswell scores
Ken Postlethwaite to third
Runner from 3rd tries for Home, SAFE, throw by RF to home
Batting: LHB Danny Bailey 0-0: Ball
1-0: Ball
2-0: Ball
3-0: Base on Balls
Batting: LHB Willie Gutierrez 0-0: Called Strike
0-1: Fly out, F6 (Line Drive, 6M, EV 77.5 MPH)
Batting: SHB Arturo Baez 0-0: Called Strike
0-1: Ball
1-1: Fly out, F8 (Flyball, 89D, EV 95.6 MPH)
Top of the 4th over - 2 runs, 2 hits, 0 errors, 2 left on base; Omaha 2 - Charlotte 3
BOTTOM OF THE 4TH
Charlotte Knights batting - Pitching for Omaha Storm Chasers : RHP Joe Noonan
Batting: RHB Fletcher Easter 0-0: Ball
1-0: Called Strike
1-1: Swinging Strike
1-2: Ball
2-2: Foul Ball, location: 2F
2-2: Ball
3-2: Foul Ball, location: 2F
3-2: Base on Balls
Pitching: RHP Gan Ts'ong
Batting: SHB Matt Childers 0-0: Called Strike
Fletcher Easter steals 2nd base
0-1: Swinging Strike
0-2: Ball
1-2: Foul Ball, location: 2F
1-2: Strikes out swinging
Batting: LHB Ricardo Pagan 0-0: 2-RUN HOME RUN (Flyball, 9LD, EV 91.2 MPH), Distance : 341 ft
Batting: LHB Adam Tarbutton 0-0: Ball
1-0: Called Strike
1-1: Foul Ball, location: 2F
1-2: Ground out 6-3 (Groundball, 6M, EV 110.6 MPH)
Batting: RHB Jeremy Hoffert 0-0: Foul Ball, location: 2F
0-1: Ground out 6-3 (Groundball, 6, EV 86.2 MPH)
Bottom of the 4th over - 2 runs, 1 hit, 0 errors, 0 left on base; Omaha 2 - Charlotte 5
TOP OF THE 5TH
Omaha Storm Chasers batting - Pitching for Charlotte Knights : RHP Steve Friesner
Batting: RHB Jason Birge 0-0: Foul Ball, location: 2F
0-1: Ball
1-1: Fly out, F7 (Flyball, 78S, EV 80.0 MPH)
Batting: LHB Jim Pankratz 0-0: Swinging Strike
0-1: Ball
1-1: Ball
2-1: Foul Ball, location: 2F
2-2: Foul Ball, location: 2F
2-2: Ball
3-2: Ground out 2-3 (Groundball, 2L, EV 75.0 MPH)
Batting: RHB Walt Cogswell 0-0: Called Strike
0-1: Called Strike
0-2: Ball
1-2: Ball
2-2: Ground out 5-3 (Groundball, 56, EV 83.8 MPH)
Top of the 5th over - 0 runs, 0 hits, 0 errors, 0 left on base; Omaha 2 - Charlotte 5
BOTTOM OF THE 5TH
Charlotte Knights batting - Pitching for Omaha Storm Chasers : RHP Gan Ts'ong
Batting: RHB Steve Waltenbery 0-0: Ball
1-0: DOUBLE (Line Drive, 89XD, EV 103.8 MPH)
Batting: LHB John Thurman 0-0: Ball
1-0: Ball
2-0: Swinging Strike
2-1: Foul Ball, location: 2F
2-2: Ball
3-2: Foul Ball, location: 2F
3-2: Foul Ball, location: 2F
3-2: SINGLE (Groundball, 56, EV 104.4 MPH)
Steve Waltenbery to third
Runner from 3rd tries for Home, throw by LF and OUT! 7-2
Batting: LHB Carlos Ramirez 0-0: Ball
John Thurman steals 2nd, throwing error, E2
John Thurman to third
1-0: SINGLE (Groundball, 6M, EV 103.8 MPH)
John Thurman scores
Batting: LHB Joe Kirkland 0-0: Ball
1-0: Called Strike
1-1: Called Strike
1-2: Fly out, F2 (Popup, 23F, EV 85.6 MPH)
Batting: RHB Fletcher Easter 0-0: Ground out 6-3 (Groundball, 6M, EV 101.9 MPH)
Bottom of the 5th over - 1 run, 3 hits, 1 error, 1 left on base; Omaha 2 - Charlotte 6
TOP OF THE 6TH
Omaha Storm Chasers batting - Pitching for Charlotte Knights : RHP Steve Friesner
Batting: LHB Shigeru Ono 0-0: Fly out, F4 (Line Drive, 4, EV 66.9 MPH)
Batting: RHB Ken Postlethwaite 0-0: SOLO HOME RUN (Flyball, 8LXD, EV 115.0 MPH), Distance : 445 ft
Batting: SHB Francisco Gutierrez 0-0: Swinging Strike
0-1: Ball
1-1: DOUBLE (Groundball, 5L, EV 101.9 MPH)
Batting: LHB Danny Bailey 0-0: SINGLE (Groundball, 34D, EV 103.1 MPH)
Francisco Gutierrez to third
Runner from 3rd tries for Home, SAFE, throw by RF to home
Batting: LHB Willie Gutierrez 0-0: Ball
1-0: Ball
2-0: Called Strike
2-1: Fielders Choice at 2nd, 4-6 (Groundball, 34, EV 87.5 MPH)
Batting: SHB Arturo Baez 0-0: SINGLE (Line Drive, 56D, EV 96.2 MPH)
Willie Gutierrez to second
Runner from 2nd tries for 3rd, OUT! 7-5
Top of the 6th over - 2 runs, 4 hits, 0 errors, 1 left on base; Omaha 4 - Charlotte 6
BOTTOM OF THE 6TH
Charlotte Knights batting - Pitching for Omaha Storm Chasers : RHP Gan Ts'ong
Batting: SHB Matt Childers 0-0: Ball
1-0: Called Strike
1-1: Swinging Strike
1-2: Strikes out swinging
Batting: LHB Ricardo Pagan 0-0: Ball
1-0: Ground out U3 (Groundball, 3, EV 103.8 MPH)
Batting: LHB Adam Tarbutton 0-0: Ground out 6-3 (Groundball, 6, EV 105.0 MPH)
Bottom of the 6th over - 0 runs, 0 hits, 0 errors, 0 left on base; Omaha 4 - Charlotte 6
TOP OF THE 7TH
Omaha Storm Chasers batting - Pitching for Charlotte Knights : RHP Steve Friesner
Batting: RHB Jason Birge 0-0: Ball
1-0: SINGLE (Flyball, 7S, EV 84.4 MPH)
Batting: LHB Jim Pankratz 0-0: Sac Bunt to 2R - play at first, batter OUT! 2-3
Jason Birge to second
Batting: RHB Walt Cogswell 0-0: Ball
1-0: Swinging Strike
1-1: Ball
2-1: Ball
3-1: SINGLE (Groundball, 6MS, EV 67.5 MPH) (infield hit)
Jason Birge to third
Batting: LHB Shigeru Ono 0-0: Called Strike
Walt Cogswell is caught stealing 2nd base 2-6
0-1: Ball
1-1: Ground out 4-3 (Groundball, 4, EV 91.2 MPH)
Top of the 7th over - 0 runs, 2 hits, 0 errors, 1 left on base; Omaha 4 - Charlotte 6
BOTTOM OF THE 7TH
Charlotte Knights batting - Pitching for Omaha Storm Chasers : RHP Gan Ts'ong
Pitching: RHP Joe Jordahl
Batting: RHB Jeremy Hoffert 0-0: Fly out, F4 (Line Drive, 4, EV 68.1 MPH)
Batting: RHB Steve Waltenbery 0-0: SINGLE (Groundball, 56D, EV 100.6 MPH)
Batting: LHB John Thurman 0-0: Swinging Strike
0-1: Hit by Pitch
Steve Waltenbery to second
Batting: LHB Carlos Ramirez 0-0: SINGLE (Groundball, 56D, EV 95.0 MPH)
Steve Waltenbery to third
John Thurman to second
Runner from 3rd tries for Home, throw by LF and OUT! 7-2
Batting: LHB Joe Kirkland 0-0: Swinging Strike
0-1: Swinging Strike
0-2: Strikes out swinging
Bottom of the 7th over - 0 runs, 2 hits, 0 errors, 2 left on base; Omaha 4 - Charlotte 6
TOP OF THE 8TH
Omaha Storm Chasers batting - Pitching for Charlotte Knights : RHP Steve Friesner
Now at 1B: Ron Johansen
Batting: RHB Ken Postlethwaite 0-0: Fly out, F4 (Popup, 34S, EV 78.8 MPH)
Pitching: RHP Luis Castillo
Batting: SHB Francisco Gutierrez 0-0: Ball
1-0: SINGLE (Groundball, 4MS, EV 64.4 MPH) (infield hit)
Batting: LHB Danny Bailey 0-0: Called Strike
0-1: Foul Ball, location: 2F
0-2: Ball
1-2: Ball
2-2: Fly out, F8 (Flyball, 8LD, EV 98.1 MPH)
Batting: LHB Willie Gutierrez 0-0: Fly out, F9 (Flyball, 89D, EV 76.9 MPH)
Top of the 8th over - 0 runs, 1 hit, 0 errors, 1 left on base; Omaha 4 - Charlotte 6
BOTTOM OF THE 8TH
Charlotte Knights batting - Pitching for Omaha Storm Chasers : RHP Joe Jordahl
Batting: RHB Fletcher Easter 0-0: Swinging Strike
0-1: SINGLE (Line Drive, 8LS, EV 97.5 MPH)
Batting: SHB Matt Childers 0-0: Ball
1-0: 2-RUN HOME RUN (Flyball, 89XD, EV 97.5 MPH), Distance : 399 ft
Batting: LHB Ricardo Pagan 0-0: Called Strike
0-1: Ball
1-1: Ball
2-1: Called Strike
2-2: Foul Ball, location: 2F
2-2: Ball
3-2: Base on Balls
Batting: LHB Adam Tarbutton 0-0: Bunted foul
0-1: Ball
1-1: Ball
2-1: Sac Bunt to 3S - play at first, batter OUT! 3-1
Ricardo Pagan to second
Batting: RHB Jeremy Hoffert 0-0: Called Strike
0-1: SINGLE (Groundball, 6MD, EV 83.1 MPH) (infield hit)
Ricardo Pagan to third
Batting: RHB Steve Waltenbery 0-0: Foul Ball, location: 2F
0-1: Ball
1-1: Ball
2-1: Ball
3-1: SINGLE (Groundball, 56D, EV 98.1 MPH)
Ricardo Pagan scores
Jeremy Hoffert to second
Pitching: LHP Francisco de la Torre
Batting: LHB John Thurman 0-0: Ball
1-0: Called Strike
1-1: Ball
2-1: Ball
3-1: Called Strike
3-2: Fielders Choice at 2nd, 4-6 (Groundball, 4, EV 86.2 MPH)
Jeremy Hoffert to third
Batting: RHB Ron Johansen 0-0: Ball
1-0: Foul Ball, location: 2F
1-1: Foul Ball, location: 2F
1-2: Foul Ball, location: 2F
1-2: Foul Ball, location: 2F
1-2: Fielders Choice at 2nd, 4-6 (Groundball, 4MD, EV 103.8 MPH)
Bottom of the 8th over - 3 runs, 4 hits, 0 errors, 2 left on base; Omaha 4 - Charlotte 9
TOP OF THE 9TH
Omaha Storm Chasers batting - Pitching for Charlotte Knights : RHP Luis Castillo
Batting: SHB Arturo Baez 0-0: Called Strike
0-1: Ball
1-1: Ball
2-1: Called Strike
2-2: Foul Ball, location: 2F
2-2: Ball
3-2: Ground out 4-3 (Groundball, 4, EV 101.2 MPH)
Batting: RHB Jason Birge 0-0: Ball
1-0: Foul Ball, location: 2F
1-1: Called Strike
1-2: Foul Ball, location: 2F
1-2: Strikes out swinging
Batting: LHB Jim Pankratz 0-0: Foul Ball, location: 2F
0-1: Fly out, F5 (Popup, 15, EV 70.0 MPH)
Top of the 9th over - 0 runs, 0 hits, 0 errors, 0 left on base; Omaha 4 - Charlotte 9
Tuesday, March 28th , 2023 - OOTP Baseball 23.10 Build 110